 Dungeon Crawl Stone Soup version 0.26.1-11-gd32895ea62 (webtiles) character file.

Game seed: 531232929337081783

183754 Almogavar the Warrior (level 17, -8/168 HPs)
             Began as a Minotaur Berserker on May 17, 2021.
             Was a High Priest of Trog.
             Drowned by a drowned soul (15 damage)
             ... summoned by a merfolk avatar
             ... on level 1 of the Shoals.
             The game lasted 01:44:59 (35647 turns).

Almogavar the Warrior (Minotaur Berserker)         Turns: 35647, Time: 01:44:59

Health: -8/168     AC: 26    Str: 33    XL:     17   Next: 75%
Magic:  17/17      EV: 17    Int:  4    God:    Trog [*****.]
Gold:   2757       SH:  0    Dex: 16    Spells: 16/16 levels left

rFire    + + +     SeeInvis .   V - +3 falchion (elec)
rCold    . . .     Faith    .   (no shield)
rNeg     . . .     Spirit   .   Q - +2 chain mail {rF+}
rPois    .         Reflect  .   S - +2 hat
rElec    .         Harm     .   t - +2 cloak {rCorr}
rCorr    +         Rampage  .   N - +2 pair of gloves
Will     +++..                  R - +0 pair of boots of Noadat {rF++ Dex+4}
Stlth    ..........             q - amulet of magic regeneration
HPRegen  1.38/turn              Y - +6 ring of strength
MPRegen  0.40/turn              (no ring)

@: mesmerised, regenerating, very slow
A: retaliatory headbutt, horns 2
a: Renounce Religion, Berserk, Trog's Hand, Brothers in Arms


You were on level 1 of the Shoals.
You worshipped Trog.
Trog was extremely pleased with you.
You visited 4 branches of the dungeon, and saw 24 of its levels.
You also visited: Bailey.

You collected 2832 gold pieces.
You spent 75 gold pieces at shops.

Inventory:

Hand Weapons
 P - a +2 scimitar of flaming
 V - a +3 falchion of electrocution (weapon)
 Z - the +7 trident of the Sky {vorpal, rC+ SInv}
   (You found it on level 13 of the Dungeon)

   It inflicts extra damage upon your enemies.
   It protects you from cold.
   It lets you see invisible.
Missiles
 g - 17 atropa-tipped darts
 h - 53 boomerangs (quivered)
 y - 104 poisoned darts
 D - 11 javelins
Armour
 i - a +1 leather armour of poison resistance
 s - a +0 plate armour
 t - a +2 cloak of preservation (worn)
 C - a +1 pair of boots of stealth
 I - +0 ice dragon scales
 K - a +0 buckler
 L - a +1 cloak of willpower
 N - a +2 pair of gloves (worn)
 O - a scarf of invisibility
 Q - a +2 chain mail of fire resistance (worn)
 R - the +0 pair of boots of Noadat (worn) {rF++ Dex+4}
   (You found it on level 2 of the Orcish Mines)

   It affects your dexterity (+4).
   It greatly protects you from fire.
 S - a +2 hat (worn)
Jewellery
 m - the ring of Jealousy {Will++ Dex+6}
   (You acquired it on level 15 of the Dungeon)

   [ring of dexterity]

   It affects your dexterity (+6).
   It affects your willpower, your defense against some magical effects.
 p - a +4 ring of protection
 q - an amulet of magic regeneration (around neck)
 r - an uncursed ring of positive energy
 z - an uncursed ring of willpower
 G - a +6 ring of intelligence
 M - an uncursed ring of resist corrosion
 Y - a +6 ring of strength (left hand)
Wands
 c - a wand of flame (29)
 U - a wand of iceblast (24)
 W - a wand of acid (13)
Scrolls
 b - 3 scrolls of magic mapping
 d - 15 scrolls of teleportation
 j - 6 scrolls of enchant weapon
 k - 3 scrolls of fear
 l - 19 scrolls of remove curse
 x - 2 scrolls of fog
 H - 7 scrolls of blinking
 J - a scroll of summoning
 T - a scroll of brand weapon
Potions
 e - 6 potions of might
 f - 14 potions of curing
 n - 2 potions of heal wounds
 u - 7 potions of haste
 w - 3 potions of resistance
 A - 2 potions of invisibility
 B - 2 potions of cancellation
 F - 3 potions of flight
 X - a potion of ambrosia
Miscellaneous
 a - a box of beasts
 v - a phial of floods


   Skills:
 + Level 19.2 Fighting
 - Level 14.0 Long Blades
 + Level 6.0 Throwing
 - Level 15.1 Armour
 + Level 12.0 Dodging
 - Level 3.0 Stealth
 - Level 4.4 Shields
 + Level 2.6 Invocations
 * Level 11.2 Evocations


You had 16 spell levels left.
You didn't know any spells.
Your spell library was empty.

Dungeon Overview and Level Annotations

Branches:
Dungeon (15/15)            Temple (0/1) D:6            Lair (6/6) D:10
 Shoals (1/4) Lair:3       Spider (0/4) Lair:2        Slime (0/5) Lair:6
    Orc (2/2) D:9             Elf (0/3) Orc:2        Vaults (0/5) D:14
 Depths (0/5) D:15         Bailey (visited)

Altars:
Elyvilon
Fedhas
Ru
Vehumet
Zin
Beogh
Jiyva

Shops:
D:11 (:   Orc:2 **:[

Portals:
Bazaar: D:11


Innate Abilities, Weirdness & Mutations

You reflexively headbutt those who attack you in melee.
You have a pair of horns on your head.


Message History

Your headbutt misses the merfolk avatar.
The merfolk avatar is severely wounded.
The merfolk avatar chants its luring song.
Your unstable footing causes you to fumble your attack.
The drowned soul touches you. The drowned soul drowns you!
* * * LOW HITPOINT WARNING * * *
You hit the merfolk avatar.
Your headbutt misses the merfolk avatar.
The merfolk avatar is severely wounded.
The merfolk avatar chants its luring song.
Okay, then.
You feel much better. The drowned soul touches you.
The drowned soul drowns you!
* * * LOW HITPOINT WARNING * * *
The merfolk avatar chants its luring song.
Your unstable footing causes you to fumble your attack.
The drowned soul touches you. The drowned soul drowns you!
* * * LOW HITPOINT WARNING * * *
The drowned soul touches you. The drowned soul drowns you!
You die...

##..≈≈≈≈.≈≈..≈
....≈≈≈≈≈≈≈...#
≈≈≈≈≈≈≈≈...≈≈≈.≈≈≈...##
≈≈≈≈≈≈≈≈≈≈..≈≈..≈≈≈≈...#
≈≈≈≈≈≈≈≈>≈≈≈≈≈.≈≈≈≈≈≈..#
≈≈≈≈≈≈≈≈≈≈≈≈≈≈≈≈≈≈≈≈≈...
≈≈≈≈≈≈≈≈≈≈≈≈≈≈≈≈≈m≈≈≈≈..
≈≈≈≈≈≈≈≈≈..≈≈≈≈≈@≈≈≈≈≈≈≈
≈≈≈≈≈≈≈≈≈≈..≈≈≈≈≈≈W≈≈≈≈≈
≈≈≈≈≈≈≈≈≈.≈≈≈≈...≈W≈≈≈≈≈
≈≈≈≈≈≈≈≈≈≈..†###.≈≈≈≈≈≈≈
≈≈≈≈≈≈≈≈≈≈..## #..≈≈≈≈≈≈
≈≈≈≈≈<≈≈≈≈..# ##.≈≈≈≈≈≈
≈≈≈≈≈≈≈≈≈≈≈.# .≈≈≈≈≈≈
≈≈≈≈≈≈≈≈≈≈..# ..≈≈≈≈≈
≈≈≈≈≈≈≈≈≈...# #.≈≈≈≈


You could see a merfolk avatar (mesmerising) and 2 drowned souls.

Vanquished Creatures
  Rupert (Lair:3)
  Gastronok (D:11)
  2 orc warlords
  The ghost of ghwc the Carver, a journeyman MiFi of Yredelemnul (Orc:2)
  A fire dragon (shapeshifter) (D:15)
  A fire dragon (D:14)
  Harold (D:7)
  A rakshasa (D:13)
  Fannar (Lair:3)
  A boulder beetle (D:12)
  9 hydras
  Erica (D:11)
  An ice dragon (D:11)
  7 centaur warriors
  6 two-headed ogres
  A death knight (D:11)
  8 death yaks
  5 orc high priests
  5 skeletal warriors
  A sea snake (Shoals:1)
  2 unseen horrors
  An orange crystal statue (D:11)
  Pikel (D:5)
  2 wolf spider zombies
  7 ugly things
  A wolf spider (D:14)
  10 manticores
  11 orc knights
  7 cyclopes
  A deep elf mage (D:14)
  A moth of wrath (Orc:2)
  3 black mambas
  20 elephants
  A naga mage (D:15)
  The ghost of Alannah the Skirmisher, a novice DsWn of Okawaru (D:4)
  3 gargoyles
  15 cane toads
  2 freezing wraiths
  15 komodo dragons
  3 rime drakes
  An efreet (D:15)
  3 yaktaurs (D:15)
  7 trolls
  The ghost of Mortifus the Digger, a novice GrEE (D:4)
  A wind drake (Lair:3)
  5 hornets (Lair:6)
  3 polar bears (Lair:6)
  2 wolf spider simulacra
  13 blink frogs
  3 slime creatures (D:15)
  A snapping turtle (Shoals:1)
  A dream sheep (Lair:6)
  12 spriggans (Lair:6)
  2 vampires
  40 yaks
  3 shadows
  Sigmund (D:6)
  2 redbacks (Lair:2)
  A water elemental (Shoals:1)
  4 wyverns
  3 basilisks
  5 wraiths
  Eustachio (D:5)
  2 steam dragons (D:7)
  2 vampire mosquitoes (D:15)
  6 wargs
  The ghost of Destapler the Sneak, an amateur OpWz (D:4)
  The ghost of grovkorv the Ruffian, an amateur GrTm (D:4)
  An acid dragon (D:15)
  11 water moccasins
  2 ice beasts
  A meliai simulacrum (D:15)
  57 orc warriors
  4 black bears (Lair:6)
  6 sky beasts
  An eye of draining (D:11)
  3 ogres
  A phantom (D:6)
  2 necrophages
  22 wolves
  3 boggarts (Lair:6)
  26 centaurs
  2 lemures (D:4)
  3 big kobolds
  18 bullfrogs
  A wyvern zombie (D:11)
  2 water moccasin zombies
  3 scorpions
  9 killer bees
  13 wights
  6 howler monkeys
  3 bullfrog zombies
  2 quasits
  A centaur zombie (D:7)
  2 hounds (D:7)
  5 jellies
  40 orc priests
  2 bullfrog skeletons
  Crazy Yiuf (D:2)
  2 centaur skeletons
  Terence (D:2)
  6 iguanas
  22 orc wizards
  6 worker ants
  A hound skeleton (D:4)
  2 worker ant zombies (D:11)
  Robin (D:2)
  15 gnolls
  12 adders
  3 shadow imps
  2 white imps
  An ufetubus (D:5)
  2 oozes (Lair:6)
  2 adder skeletons (D:9)
  An adder zombie (D:5)
  A worm (D:4)
  A dart slug (D:2)
  3 leopard geckos
  116 orcs
  A ball python (D:4)
  10 giant cockroaches
  29 hobgoblins
  11 jackals
  A quokka (D:5)
  7 bats
  5 frilled lizards
  27 goblins
  22 kobolds
  A leopard gecko zombie (D:8)
  2 rats
858 creatures vanquished.

Vanquished Creatures (collateral kills)
  2 death yaks (Lair:5)
  A komodo dragon (Lair:5)
  4 yaks (Lair:5)
7 creatures vanquished.

Vanquished Creatures (others)
  14 fungi
  23 plants
  2 withered plants (D:4)
39 creatures vanquished.

Grand Total: 904 creatures vanquished

Notes
Turn   | Place    | Note
-------+----------+-------------------------------------------
     0 | D:1      | Almogavar the Minotaur Berserker began the quest for the
                  | Orb.
     0 | D:1      | Reached XP level 1. HP: 19/19 MP: 0/0
   293 | D:1      | Reached XP level 2. HP: 18/27 MP: 1/1
  1024 | D:2      | Reached skill level 4 in Fighting
  1149 | D:2      | Noticed Robin
  1161 | D:2      | Reached XP level 3. HP: 31/33 MP: 2/2
  1164 | D:2      | Killed Robin
  1165 | D:2      | Reached ** piety under Trog
  1502 | D:2      | Noticed Terence
  1510 | D:2      | Killed Terence
  1511 | D:2      | Reached XP level 4. HP: 41/41 MP: 3/3
  1828 | D:2      | Found a runed translucent door.
  1830 | D:2      | Noticed Crazy Yiuf
  1854 | D:2      | Reached skill level 1 in Stealth
  2495 | D:2      | Killed Crazy Yiuf
  2496 | D:2      | Reached skill level 5 in Fighting
  2496 | D:2      | Reached XP level 5. HP: 48/48 MP: 4/4
  2631 | D:3      | Reached skill level 5 in Long Blades
  2902 | D:4      | Found a glowing silver altar of Zin.
  3005 | D:4      | Found a radiant altar of Vehumet.
  3091 | D:4      | Reached XP level 6. HP: 41/56 MP: 5/5
  3175 | D:4      | Found a runed translucent gate.
  3175 | D:4      | Noticed grovkorv's ghost (amateur GrTm)
  3176 | D:4      | Found a runed translucent gate.
  3176 | D:4      | Found a runed translucent gate.
  3176 | D:4      | Noticed Destapler's ghost (amateur OpWz)
  3177 | D:4      | Noticed Alannah's ghost (novice DsWn)
  3177 | D:4      | Noticed Mortifus's ghost (novice GrEE)
  3801 | D:5      | Entered Level 5 of the Dungeon
  3802 | D:5      | Noticed Pikel
  4088 | D:5      | Killed Pikel
  4089 | D:5      | Reached XP level 7. HP: 62/62 MP: 6/6
  4093 | D:5      | Reached skill level 6 in Fighting
  4140 | D:5      | Reached skill level 5 in Armour
  4190 | D:5      | Noticed Eustachio
  4200 | D:5      | Killed Eustachio
  4201 | D:5      | Reached XP level 8. HP: 66/70 MP: 7/7
  4364 | D:5      | Reached *** piety under Trog
  4898 | D:6      | Found a staircase to the Ecumenical Temple.
  5187 | D:6      | Reached skill level 5 in Dodging
  5518 | D:6      | Found a white marble altar of Elyvilon.
  5717 | D:6      | Found a sacrificial altar of Ru.
  5787 | D:6      | Noticed Sigmund
  5791 | D:6      | Killed Sigmund
  5791 | D:6      | Reached **** piety under Trog
  5792 | D:6      | Reached skill level 7 in Fighting
  5792 | D:6      | Reached XP level 9. HP: 79/79 MP: 8/8
  6242 | D:7      | Noticed Harold
  6256 | D:7      | Killed Harold
  6257 | D:7      | Reached skill level 10 in Long Blades
  6945 | D:7      | Reached skill level 1 in Throwing
  7112 | D:7      | Reached skill level 8 in Fighting
  7564 | D:8      | Found a flagged portal.
  7576 | Bailey   | Entered a bailey
  7850 | Bailey   | Reached ***** piety under Trog
  7852 | Bailey   | Noticed an orc knight
  7864 | Bailey   | Killed an orc knight
  7865 | Bailey   | Reached XP level 10. HP: 89/89 MP: 9/9
  7909 | Bailey   | Noticed an orc warlord
  7938 | Bailey   | Killed an orc warlord
  7939 | Bailey   | Reached skill level 9 in Fighting
  7996 | Bailey   | Noticed an orc knight
  8008 | Bailey   | Killed an orc knight
  9267 | D:9      | Received a gift from Trog
  9286 | D:9      | Found a staircase to the Orcish Mines.
  9755 | D:10     | Entered Level 10 of the Dungeon
  9769 | D:10     | Reached XP level 11. HP: 99/99 MP: 10/10
  9800 | D:10     | Reached skill level 10 in Fighting
 10221 | D:10     | Found a staircase to the Lair.
 10589 | D:4      | Killed Alannah's ghost
 10590 | D:4      | Reached skill level 1 in Evocations
 10599 | D:4      | Killed Mortifus's ghost
 10601 | D:4      | Killed Destapler's ghost
 10601 | D:4      | Received a gift from Trog
 10603 | D:4      | Killed grovkorv's ghost
 10608 | D:4      | Got a faintly glowing quarterstaff {god gift}
 10609 | D:4      | Identified the +3 quarterstaff of Incongruity {flame, rF+
                  | Int+4} (Trog gifted it to you on level 4 of the Dungeon)
 10740 | Orc:1    | Entered Level 1 of the Orcish Mines
 10791 | Orc:1    | Found a radiant altar of Vehumet.
 10814 | Orc:1    | HP: 5/100 [orc priest/divine providence (15)]
 11212 | Orc:2    | Entered Level 2 of the Orcish Mines
 11397 | Orc:2    | Found a transporter.
 11767 | Orc:2    | Noticed an orc warlord
 12251 | Orc:1    | Killed an orc warlord
 12252 | Orc:1    | Reached skill level 11 in Fighting
 12763 | Orc:2    | Found a staircase to the Elven Halls.
 13735 | Orc:2    | Found a transporter.
 13738 | Orc:2    | Noticed ghwc's ghost (journeyman MiFi)
 14480 | Orc:2    | Noticed an orc knight
 14756 | Orc:1    | Killed an orc knight
 14837 | Orc:2    | Noticed an orc high priest
 14843 | Orc:2    | Noticed a sun demon
 14846 | Orc:2    | Noticed a sixfirhy
 14851 | Orc:1    | Killed an orc high priest
 15055 | Orc:2    | Noticed an orc knight
 15056 | Orc:2    | Noticed an orc knight
 15075 | Orc:1    | Killed an orc knight
 15076 | Orc:1    | Reached skill level 12 in Fighting
 15076 | Orc:1    | Reached XP level 12. HP: 40/112 MP: 11/11
 15968 | Orc:2    | Received a gift from Trog
 16055 | Orc:2    | Noticed an orc high priest
 16064 | Orc:2    | Killed an orc high priest
 16088 | Orc:2    | Reached skill level 5 in Evocations
 16114 | Orc:2    | Noticed an orc high priest
 16124 | Orc:2    | Killed an orc high priest
 16196 | Orc:2    | Noticed an orc high priest
 16206 | Orc:2    | Killed an orc high priest
 16272 | Orc:2    | Noticed an orc high priest
 16467 | Orc:2    | Killed an orc high priest
 16516 | Orc:2    | Found Kyjapho's Antique Armour Emporium.
 16516 | Orc:2    | Found Tubyb's Book Emporium.
 16517 | Orc:2    | Found Veadawes's General Store.
 16517 | Orc:2    | Found Laent's Assorted Antiques.
 16525 | Orc:2    | Bought a potion of heal wounds for 75 gold pieces
 16752 | Orc:2    | Reached skill level 13 in Fighting
 16787 | Orc:2    | Killed ghwc's ghost
 16790 | Orc:2    | Got a pair of glimmering boots
 16813 | Orc:2    | Identified the +0 pair of boots of Noadat {rF++ Dex+4} (You
                  | found it on level 2 of the Orcish Mines)
 17105 | Lair:1   | Entered Level 1 of the Lair of Beasts
 17317 | Lair:1   | Reached skill level 10 in Armour
 17445 | Lair:1   | Noticed a six-headed hydra
 17455 | Lair:1   | Killed a two-headed hydra
 18460 | Lair:2   | Found a hole to the Spider Nest.
 18495 | Lair:2   | Noticed an eight-headed hydra
 18505 | Lair:2   | Killed a six-headed hydra
 18506 | Lair:2   | Reached XP level 13. HP: 92/122 MP: 12/12
 19311 | Lair:3   | Noticed Rupert
 19326 | Lair:3   | Killed Rupert
 19327 | Lair:3   | Reached skill level 5 in Throwing
 19419 | Lair:3   | Found a staircase to the Shoals.
 19665 | Lair:3   | Noticed Fannar
 19679 | Lair:3   | Killed Fannar
 20524 | Lair:4   | Reached skill level 14 in Fighting
 20873 | Lair:4   | Received a gift from Trog
 20876 | Lair:4   | Reached skill level 10 in Dodging
 22488 | Lair:5   | Got an ichor-stained war axe
 22489 | Lair:5   | Identified the +5 war axe of Reason {venom, Str+4} (You
                  | found it on level 5 of the Lair of Beasts)
 22558 | Lair:5   | Reached XP level 14. HP: 54/133 MP: 13/13
 22590 | Lair:5   | Reached skill level 15 in Fighting
 23542 | Lair:6   | Entered Level 6 of the Lair of Beasts
 23903 | Lair:6   | Found a runed translucent door.
 23903 | Lair:6   | Found a viscous altar of Jiyva.
 23903 | Lair:6   | Found a staircase to the Slime Pits.
 24882 | Lair:6   | Received a gift from Trog
 25143 | Lair:6   | Paralysed by a hornet for 2 turns
 25594 | Lair:6   | Reached skill level 16 in Fighting
 25991 | Lair:6   | Reached skill level 1 in Invocations
 25991 | Lair:6   | Reached XP level 15. HP: 145/145 MP: 13/15
 26450 | D:10     | Reached XP level 16. HP: 152/152 MP: 16/16
 27129 | D:11     | Reached skill level 17 in Fighting
 27129 | D:11     | Reached skill level 10 in Evocations
 27283 | D:11     | Found Naek Qul's Antique Weapon Emporium.
 27478 | D:11     | Noticed Erica
 27492 | D:11     | Killed Erica
 27521 | D:11     | Found Guoforr's Book Emporium.
 27545 | D:11     | Received a gift from Trog
 27618 | D:11     | Noticed Gastronok
 27637 | D:11     | Killed Gastronok
 27638 | D:11     | Reached XP level 17. HP: 131/161 MP: 17/17
 27789 | D:11     | Found a gateway to a bazaar.
 28198 | D:12     | Found a roughly hewn altar of Beogh.
 28639 | D:12     | Reached skill level 15 in Armour
 29768 | D:13     | Got a faintly glowing trident
 29963 | D:13     | Reached ****** piety under Trog
 30555 | D:14     | Identified the +7 trident of the Sky {vorpal, rC+ SInv}
                  | (You found it on level 13 of the Dungeon)
 30989 | D:14     | Found a gate to the Vaults.
 31055 | D:14     | Reached skill level 18 in Fighting
 31065 | D:14     | Received a gift from Trog
 31101 | D:14     | Found a blossoming altar of Fedhas.
 32229 | D:15     | Entered Level 15 of the Dungeon
 32467 | D:15     | HP: 1/166 [wolf spider simulacrum (29)]
 34504 | D:15     | Reached skill level 19 in Fighting
 34635 | D:15     | Received a gift from Trog
 35022 | D:15     | Found a staircase to the Depths.
 35262 | D:15     | Identified a scroll of acquirement
 35263 | D:15     | Acquired the ring of Jealousy {Will++ Dex+6}
 35591 | Shoals:1 | Entered Level 1 of the Shoals
 35647 | Shoals:1 | HP: 7/168 [drowned by a drowned soul[a merfolk avatar]
                  | (12)]
 35647 | Shoals:1 | Drowned by a drowned soul

Illustrated notes

Levels and vault maps discovered:
D:1:      beargit_arrival_greenhouse, layout_basic, minmay_misc_feat_five
D:2:      layout_basic, minmay_increasing_density, uniq_crazy_yiuf_cottage,
          uniq_robin, uniq_terence
D:3:      layout_rooms
D:4:      layout_basic, overflow_temple_1_default, vehumet_altar_wand_db,
          gammafunk_ghost_cemetery
D:5:      layout_basic, uniq_eustachio, uniq_pikel
D:6:      layout_rooms, elyvilon_altar_1, nicolae_ru_the_path_less_chosen,
          minmay_temple_entry_waves, st_stairs_3, uniq_sigmund
D:7:      cheibrodos_steamvent, layout_loops_corners, uniq_harold
D:8:      layout_rooms, enter_bailey_4, minmay_misc_feat_tiny
D:9:      layout_roguey, hiddenorc2_lemuel, minmay_fountain_box
D:10:     layout_rooms, david_lair_shrubbed
D:11:     minmay_the_grid_4x2 [minmay_the_grid_spin_star,
          minmay_the_grid_dragon_a, minmay_the_grid_fan,
          minmay_the_grid_broken_lines, minmay_the_grid_rooms,
          minmay_the_grid_armoury, minmay_the_grid_paths,
          minmay_the_grid_prize_big_room], layout_basic, serial_shops,
          statue_bzr, nicolae_shop_trees, shop, uniq_gastronok, uniq_erica
D:12:     layout_loops_corners, special_room [special_room_orc], st_stairs_13
D:13:     layout_long_grid
D:14:     dragon1_lemuel, layout_basic, david_vaults_1, fedhas_altar_1,
          grunt_ogre_cave
D:15:     hangedman_depths_entry_try_elsewhere_first, layout_irregular_city,
          solitary_fountain, minivault_5, kennysheep_kite_vault
Lair:1:   beast_lair_carwin_large_2, layout_regular_city, lemuel_fruit_tree,
          serial_bayou_shore_b
Lair:2:   layout_hall_layers, spider_nest_entry_webs,
          infiniplex_staircase_pool_2
Lair:3:   layout_cave_pods, minmay_shoals_entry_beasts, uniq_fannar, uniq_rupert
Lair:4:   layout_small_grid, grunt_megastairs_2
Lair:5:   layout_long_grid
Lair:6:   minmay_lair_end_enchanted_forest, layout_concentric_octagons,
          slime_altar_2
Shoals:1: layout_shoals
Orc:1:    layout_diamond_mine, basic_altar
Orc:2:    st_orc_pillars, layout_diamond_mine,
          gammafunk_ghost_berserking_beasts, library_closet

Skill      XL: |  1  2  3  4  5  6  7  8  9 10 11 12 13 14 15 16 17 |
---------------+----------------------------------------------------+-----
Long Blades    | 4 5 6 7 9 11 13 14 | 14.0
Fighting       | 4 5 6 7 8 9 12 13 14 16 17 19 | 19.2
Stealth        | 1 2 3 |  3.0
Dodging        | 3 4 5 7 9 10 11 12 | 12.0
Armour         | 4 5 6 7 8 10 12 14 15 | 15.1
Throwing       | 1 4 6 |  6.0
Evocations     | 4 6 7 9 10 11 | 11.2
Shields        | 2 3 4 |  4.4
Invocations    | 1 2 |  2.6

Action                   |  1- 3 |  4- 6 |  7- 9 | 10-12 | 13-15 | 16-18 || total
-------------------------+-------+-------+-------+-------+-------+-------++-------
Melee: Falchion          |    52 |    92 |   127 |       |       |   647 ||   918
       Headbutt          |     3 |    19 |    57 |   171 |   142 |   289 ||   681
       Scimitar          |       |       |   135 |   685 |       |    13 ||   833
       Great sword       |       |       |       |    45 |   465 |       ||   510
       Triple sword      |       |       |       |       |       |    69 ||    69
       Trident           |       |       |       |       |       |     1 ||     1
Throw: Dart              |       |       |     5 |    63 |   119 |    73 ||   260
       Boomerang         |       |       |       |       |       |     5 ||     5
Invok: Berserk           |     2 |     2 |     5 |     8 |     3 |     5 ||    25
       Trog's Hand       |       |       |       |     8 |     3 |     3 ||    14
       Brothers in Arms  |       |       |       |       |     1 |       ||     1
Evoke: Wand              |       |       |       |       |     1 |    10 ||    11
  Use: Scroll            |       |     7 |     6 |     6 |     4 |    13 ||    36
       Potion            |       |       |       |     3 |     2 |     3 ||     8
 Stab: Sleeping          |     2 |     2 |     5 |     5 |       |       ||    14
       Distracted        |       |       |       |     1 |       |       ||     1
Armor: Animal skin       |    11 |     7 |       |       |       |       ||    18
       Ring mail         |       |    21 |     6 |       |       |       ||    27
       Leather armour    |       |       |    67 |    99 |       |       ||   166
       Chain mail        |       |       |       |   127 |   323 |   332 ||   782
Dodge: Dodged            |    26 |    75 |   151 |   394 |   431 |   440 ||  1517
Block: Buckler           |       |       |       |       |       |    97 ||    97
       Rpst.: Falchion   |     4 |    16 |    21 |       |       |    57 ||    98
       Scimitar          |       |       |    25 |    75 |       |     2 ||   102
       Great sword       |       |       |       |     7 |    98 |       ||   105
       Triple sword      |       |       |       |       |       |    20 ||    20
